Map: Cactus Valley LE (Void)

Players

Railgan - Winner!

  • Race: Zerg Zerg
  • League: Grandmaster
  • Spawn Location: 5:00

lIlIIlIlIIll

  • Race: Zerg Zerg
  • League: Master
  • Spawn Location: 11:00

VOD

Have the link to the VOD?

Description

Time

  • Played on: March 24, 2017, 8:50 p.m.
  • Length: 10:36
Show
View Real Time Build Order
Export as new Build Order

Railgan Zerg - Winner!

Build Orders: Hatch First, Zergling Baneling 

Get SALT Encoding   

  12  0:01  Drone  
  13  0:12  Overlord  
  13  0:18  Drone  
  14  0:30  Drone x2  
  14  0:34  Drone  
  17  0:53  Hatchery  
  17  0:55  Drone  
  17  0:59  Drone  
  18  1:09  Extractor  
  17  1:15  Spawning Pool  
  17  1:16  Drone  
  17  1:20  Drone  
  18  1:28  Drone  
  19  1:39  Overlord  
  19  1:52  Drone  
  20  2:05  Queen x2  
  20  2:06  Zergling x4  
  26  2:08  Metabolic Boost  
  26  2:14  Drone  
  27  2:19  Spine Crawler  
  27  2:20  Drone  
  27  2:24  Drone  
  29  2:30  Baneling Nest  
  29  2:31  Drone  
  29  2:34  Drone  
  30  2:40  Overlord  
  30  2:47  Zergling x2  
  30  2:48  Zergling x2  
  32  3:00  Zergling x2  
  32  3:01  Zergling x2  
  34  3:06  Zergling x2  
  34  3:09  Zergling x2  
  36  3:13  Baneling x3  
  36  3:14  Baneling  
  36  3:15  Zergling x12  
  42  3:20  Zergling x2  
  42  3:22  Baneling  
  42  3:23  Baneling  
  42  3:24  Zergling x2  
  44  3:31  Drone  
  42  3:45  Drone  
  42  3:48  Drone, Hatchery  
  41  3:49  Drone  
  41  3:53  Overlord  
  43  3:59  Baneling x4  
  43  4:04  Overlord  
  43  4:10  Drone  
  35  4:26  Drone x5  
  35  4:28  Drone x2  
  35  4:29  Drone  
  35  4:30  Drone x2  
  44  4:32  Zergling x2  
  44  4:33  Drone  
  44  4:37  Zergling x2  
  47  4:43  Drone  
  47  4:45  Extractor  
  46  4:46  Extractor  
  46  4:47  Zergling x2  
  46  4:51  Drone  
  46  4:58  Drone  
  46  4:59  Drone  
  46  5:00  Lair, Roach Warren  
  46  5:04  Drone  
  46  5:05  Drone  
  46  5:06  Drone  
  48  5:07  Evolution Chamber  
  48  5:08  Drone  
  48  5:14  Queen  
  48  5:17  Drone x2  
  52  5:24  Drone x4  
  55  5:32  Drone  
  55  5:33  Drone  
  56  5:36  Drone x2  
  58  5:46  Drone x4  
  58  5:47  Zerg Missile Weapons Level 1, Overlord  
  58  5:48  Overlord  
  61  5:55  Overlord  
  61  5:56  Roach  
  61  5:57  Roach  
  65  5:58  Glial Reconstitution  
  65  6:01  Extractor  
  65  6:02  Roach  
  65  6:03  Overlord  
  66  6:12  Roach x3  
  66  6:15  Roach  
  66  6:16  Roach x3  
  66  6:17  Overseer  
  80  6:18  Drone  
  80  6:19  Drone  
  80  6:20  Drone  
  80  6:25  Roach x2  
  87  6:30  Roach x3  
  93  6:35  Roach  
  93  6:39  Overlord, Roach  
  97  6:42  Overlord  
  97  6:43  Overlord  
  97  6:47  Overlord  
  97  6:50  Overlord  
  97  6:53  Overlord  
  97  6:57  Overlord  
  97  7:02  Roach x6  
  97  7:07  Drone x4  
  113  7:11  Hydralisk Den  
  112  7:15  Evolution Chamber  
  112  7:17  Drone x4  
  113  7:30  Drone  
  113  7:31  Drone x6  
  120  7:37  Drone  
  120  7:38  Drone, Ravager  
  120  7:39  Drone  
  120  7:43  Extractor x2, Zerg Missile Weapons Level 2, Zerg Ground Armor Level 1  
  120  7:44  Muscular Augments  
  116  7:54  Roach  
  116  7:55  Roach x4  
  120  8:06  Hydralisk x2  
  117  8:14  Hydralisk x2  
  117  8:16  Hydralisk  
  117  8:19  Hydralisk  
  99  8:21  Queen x3  
  99  8:23  Hydralisk  
  99  8:26  Hatchery, Spore Crawler  
  105  8:28  Spore Crawler x2  
  105  8:29  Hydralisk x2  
  107  8:34  Hydralisk  
  107  8:36  Hydralisk  
  107  8:39  Spore Crawler  
  110  8:42  Hydralisk  
  110  8:43  Hydralisk  
  110  8:46  Hydralisk  
  110  8:48  Hydralisk  
  110  8:49  Hydralisk  
  110  8:53  Hydralisk  
  110  8:55  Hydralisk  
  108  9:08  Overlord  
  108  9:10  Hydralisk x3  
  108  9:11  Hydralisk  
  108  9:12  Hydralisk  
  108  9:15  Overlord  
  118  9:18  Queen  
  118  9:20  Hydralisk  
  118  9:21  Roach  
  118  9:22  Roach  
  126  9:29  Overseer  
  126  9:31  Roach  
  126  9:32  Roach x4  
  138  9:38  Roach x3  
  138  9:39  Roach  
  144  9:47  Roach  
  144  9:48  Roach  
  144  9:49  Overlord  
  144  9:51  Drone  
  149  9:54  Drone  
  149  9:55  Queen  
  152  10:05  Roach x3  
  158  10:12  Drone  
  158  10:13  Drone x4, Spore Crawler  
Show
View Real Time Build Order
Export as new Build Order

lIlIIlIlIIll Zerg 

Build Orders: Hatch First 

Get SALT Encoding   

  12  0:00  Drone  
  13  0:12  Overlord  
  13  0:17  Drone  
  14  0:31  Drone x2  
  14  0:34  Drone  
  17  0:52  Hatchery  
  17  0:54  Drone  
  17  0:57  Extractor  
  16  1:10  Spawning Pool  
  15  1:13  Drone  
  15  1:16  Drone  
  17  1:20  Drone  
  18  1:29  Drone  
  19  1:39  Overlord  
  19  1:56  Queen  
  19  1:57  Metabolic Boost  
  21  2:04  Zergling x2, Queen  
  21  2:08  Zergling x2  
  25  2:10  Zergling x2  
  25  2:13  Zergling x2  
  28  2:22  Zergling x2  
  28  2:23  Zergling x2  
  28  2:28  Overlord  
  29  2:32  Queen  
  29  2:35  Zergling x2  
  32  2:42  Zergling x2  
  33  2:47  Zergling x4  
  35  2:55  Zergling x2  
  36  3:03  Zergling x2  
  36  3:04  Zergling x2  
  36  3:05  Zergling x4  
  40  3:07  Zergling x2  
  41  3:13  Overlord  
  41  3:14  Drone x3  
  44  3:21  Spine Crawler  
  43  3:29  Drone x2  
  43  3:30  Drone  
  39  3:40  Drone x2  
  37  3:41  Queen  
  37  3:45  Drone x2  
  40  3:50  Zergling x4  
  42  3:55  Zergling x2  
  42  3:56  Zergling x2  
  42  4:02  Evolution Chamber  
  43  4:09  Evolution Chamber  
  42  4:14  Drone x5  
  43  4:27  Drone x3, Queen  
  43  4:28  Drone  
  45  4:33  Drone  
  45  4:35  Queen  
  48  4:39  Drone  
  48  4:40  Extractor  
  48  4:41  Extractor  
  47  4:45  Extractor  
  47  4:47  Drone  
  47  4:48  Drone  
  47  4:51  Drone  
  49  4:57  Drone  
  47  5:01  Drone  
  47  5:11  Drone x2  
  49  5:14  Lair  
  49  5:19  Drone  
  50  5:24  Roach Warren  
  50  5:27  Drone  
  50  5:32  Drone  
  51  5:41  Overlord  
  51  5:45  Drone  
  52  5:50  Overlord  
  52  5:51  Hatchery  
  52  5:53  Drone  
  52  6:01  Drone  
  52  6:02  Drone x3  
  52  6:04  Drone  
  57  6:07  Drone  
  57  6:09  Drone  
  59  6:11  Zergling x6  
  59  6:13  Spire  
  61  6:22  Drone  
  61  6:24  Drone  
  63  6:30  Evolution Chamber, Zergling x8  
  63  6:31  Zergling x2  
  67  6:34  Zergling x2  
  67  6:35  Unknown  
  67  6:36  Hatchery  
  67  6:42  Overlord  
  67  6:47  Overlord  
  67  6:50  Overlord  
  67  6:56  Zerg Melee Weapons Level 1  
  67  7:00  Overlord  
  67  7:09  Drone x3  
  67  7:10  Drone  
  67  7:12  Extractor  
  67  7:14  Zergling x10  
  75  7:26  Mutalisk x4  
  75  7:27  Mutalisk x3  
  88  7:31  Mutalisk  
  88  7:36  Mutalisk x2  
  89  7:41  Mutalisk  
  89  7:43  Zergling x6  
  89  7:47  Queen  
  89  7:48  Mutalisk x2  
  89  7:50  Zergling x4  
  89  7:51  Zergling x2  
  93  7:54  Evolution Chamber  
  93  7:57  Zergling x8  
  85  8:00  Zergling x2  
  85  8:04  Zergling x2  
  76  8:10  Drone x3  
  70  8:17  Drone  
  70  8:19  Drone  
  69  8:24  Drone  
  70  8:39  Drone x4  
  70  8:49  Zergling x8  
  70  8:53  Overlord  
  66  8:56  Drone  
  66  8:59  Overlord  
  63  9:07  Drone  
  64  9:10  Drone  
  64  9:15  Drone x2  
  67  9:18  Drone x2  
  68  9:29  Drone x2  
  68  9:30  Baneling Nest  
  68  9:31  Drone  
  70  9:35  Drone  
  70  9:38  Drone x2  
  72  9:43  Drone x2  
  75  9:45  Drone  
  75  9:47  Drone  
  75  9:51  Drone x3  
  80  9:58  Zergling x6  
  80  9:59  Zergling x4  
  85  10:08  Zergling x8  
  85  10:09  Zergling x4  
  91  10:21  Drone  
Tags
 
Add a new tag
Caveats
  • Supply blocks, unpowered buildings, or Contaminate may cause inaccurate times.
  • Supply counts are checked every 10 seconds.